Workbook

Sheet Como usar
A1: Extrato 2026
A3: 1 jan a 25 set 2026. Todos os lançamentos estão na aba Lançamentos.
A4: Para nomear um valor, abra a aba Nomes e escreva na coluna amarela Seu nome.
A5: O mesmo nome vale para todos os movimentos daquele grupo. A aba Lançamentos mostra o nome ao lado de cada valor.
A6: Se um movimento precisar de um nome só dele, substitua a fórmula da coluna Seu nome nessa linha.
A7: No dashboard, use Trazer nomes do Excel e escolha este arquivo. O nome passa a aparecer nas barras.
A8: Não apague a coluna Id. Ela liga o movimento ao extrato.
A9: Entrou R$ 439,794.35, já com R$ 88,720.00 de transferências para cofrinhos. Saiu R$ 384,738.21.
A10: Saldo em 2025-12-31: R$ 5,021.19. Saldo em 2026-09-25: R$ 592.57.

Sheet Nomes
A1: Nome no extrato | B1: Seu nome | C1: Lançamentos | D1: Entrou | E1: Saiu | F1: Entre contas | G1: Categoria
A2: Priscila · salário | C2: 11 | D2: 178441.34 | E2: 0 | F2: 0 | G2: Salário da Priscila
A3: Priscila | C3: 79 | D3: 152930.21 | E3: 400 | F3: 0 | G3: Transferência da Priscila
A4: Cofrinho | C4: 43 | D4: 88720 | E4: 0 | F4: 32781.45 | G4: Cofrinho
A5: Fatura Cartão Black | C5: 10 | D5: 0 | E5: 85234.8 | F5: 0 | G5: Cartão Black
A6: Ciranda | C6: 17 | D6: 0 | E6: 64773.76 | F6: 0 | G6: Educação
A7: Financiamento imobiliário | C7: 9 | D7: 0 | E7: 56850.12 | F7: 0 | G7: Moradia
A8: TED enviado | C8: 1 | D8: 0 | E8: 30000 | F8: 0 | G8: Outro banco
A9: Marcia | C9: 26 | D9: 0 | E9: 21778 | F9: 0 | G9: Pessoas
A10: Karine | C10: 3 | D10: 0 | E10: 13600 | F10: 0 | G10: Pessoas
A11: Condomínio Verana | C11: 5 | D11: 0 | E11: 12514.84 | F11: 0 | G11: Moradia
A12: Decolar | C12: 1 | D12: 0 | E12: 12464.88 | F12: 0 | G12: Viagem
A13: Boleto recorrente | C13: 4 | D13: 0 | E13: 10186.63 | F13: 0 | G13: Boletos
... A158: CDB | C158: 4 | D158: 0 | E158: 0 | F158: 41600.03 | G158: CDB

Sheet Lançamentos
A1: Data | B1: Descrição | C1: Valor | D1: Tipo | E1: Categoria | F1: Nome no extrato | G1: Seu nome | H1: Recorrência | I1: Origem | J1: Id
A2: 46024 | B2: DA ELETROPAULO 24247588 | C2: -327.82 | D2: Saída | E2: Moradia | F2: Energia elétrica | G2: =IFERROR(VLOOKUP(F2,Nomes!$A$2:$B$158,2,FALSE),"") | H2: Conta fixa | J2: 3797b4abe1d9
A3: 46024 | B3: REND PAGO APLIC AUT MAIS | C3: 0.04 | D3: Entrada | E3: Rendimento | F3: Rendimento da aplicação | G3: =IFERROR(VLOOKUP(F3,Nomes!$A$2:$B$158,2,FALSE),"") | J3: 50102deb620a
A4: 46024 | B4: CARTAO PERSONNALITE | C4: -61.7 | D4: Saída | E4: Cartão Black | F4: Tarifa Personnalité | G4: =IFERROR(VLOOKUP(F4,Nomes!$A$2:$B$158,2,FALSE),"") | I4: Tarifa do cartão | J4: 614444f4d24d
A5: 46024 | B5: TBI conta própria | C5: 15000 | D5: Entre contas | E5: Mesma conta | F5: Mesma conta | G5: =IFERROR(VLOOKUP(F5,Nomes!$A$2:$B$158,2,FALSE),"") | J5: f18cbd6ce4b9
A6: 46024 | B6: PERS BLACK 3608-7306 | C6: -16546.05 | D6: Saída | E6: Cartão Black | F6: Fatura Cartão Black | G6: =IFERROR(VLOOKUP(F6,Nomes!$A$2:$B$158,2,FALSE),"") | I6: Fatura do cartão | J6: 1e1cac7973c1
A7: 46024 | B7: PIX QRS CIRANDA BER01/01 | C7: -2499.88 | D7: Saída | E7: Educação | F7: Ciranda | G7: =IFERROR(VLOOKUP(F7,Nomes!$A$2:$B$158,2,FALSE),"") | H7: Conta fixa | J7: 8cba683bb570
A8: 46024 | B8: PIX TRANSF Ana Cam02/01 | C8: -248 | D8: Saída | E8: Pessoas | F8: Ana Cam | G8: =IFERROR(VLOOKUP(F8,Nomes!$A$2:$B$158,2,FALSE),"") | J8: 90bf7aef0e00
A9: 46027 | B9: DA CLARO BL/IT 07428957 | C9: -323.87 | D9: Saída | E9: Assinaturas | F9: Claro | G9: =IFERROR(VLOOKUP(F9,Nomes!$A$2:$B$158,2,FALSE),"") | H9: Assinatura | J9: 640c4f9aba68
A10: 46027 | B10: PAG TIT INT 237 | C10: -490.61 | D10: Saída | E10: Boletos | F10: Boleto 237 | G10: =IFERROR(VLOOKUP(F10,Nomes!$A$2:$B$158,2,FALSE),"") | J10: 9e48d29158c5
A11: 46027 | B11: TBI conta própria | C11: 5000 | D11: Entre contas | E11: Mesma conta | F11: Mesma conta | G11: =IFERROR(VLOOKUP(F11,Nomes!$A$2:$B$158,2,FALSE),"") | J11: 4588179fb4ec
A12: 46027 | B12: INT /VIVO-SP 0463679526 | C12: -42.14 | D12: Saída | E12: Assinaturas | F12: Vivo | G12: =IFERROR(VLOOKUP(F12,Nomes!$A$2:$B$158,2,FALSE),"") | H12: Assinatura | J12: 1e5d059b4264
A13: 46027 | B13: INT /VIVO-SP 0463679526 | C13: -39.99 | D13: Saída | E13: Assinaturas | F13: Vivo | G13: =IFERROR(VLOOKUP(F13,Nomes!$A$2:$B$158,2,FALSE),"") | H13: Assinatura | J13: bde2b7befc19
A14: 46027 | B14: PIX TRANSF PRISCIL05/01 | C14: 3790 | D14: Entrada | E14: Transferência da Priscila | F14: Priscila | G14: =IFERROR(VLOOKUP(F14,Nomes!$A$2:$B$158,2,FALSE),"") | J14: 0c203f18ca14
A15: 46027 | B15: PIX QRS AMAZON.COM.05/01 | C15: -81.07 | D15: Saída | E15: Compras | F15: Amazon | G15: =IFERROR(VLOOKUP(F15,Nomes!$A$2:$B$158,2,FALSE),"") | J15: b61967966b3f
A16: 46027 | B16: PIX TRANSF MARCIA 05/01 | C16: -1540 | D16: Saída | E16: Pessoas | F16: Marcia | G16: =IFERROR(VLOOKUP(F16,Nomes!$A$2:$B$158,2,FALSE),"") | J16: 04723dfed1d8
A17: 46028 | B17: REND PAGO APLIC AUT MAIS | C17: 0.01 | D17: Entrada | E17: Rendimento | F17: Rendimento da aplicação | G17: =IFERROR(VLOOKUP(F17,Nomes!$A$2:$B$158,2,FALSE),"") | J17: b94e51a7b2b3
A18: 46028 | B18: PIX TRANSF BABY VI06/01 | C18: -800 | D18: Saída | E18: Pessoas | F18: Baby Vi | G18: =IFERROR(VLOOKUP(F18,Nomes!$A$2:$B$158,2,FALSE),"") | J18: a1193796ba2c
A19: 46028 | B19: TED 745.0001.MCKINSEY C | C19: 151.27 | D19: Entrada | E19: Salário da Luísa (McKinsey) | F19: Luísa · McKinsey | G19: =IFERROR(VLOOKUP(F19,Nomes!$A$2:$B$158,2,FALSE),"") | J19: 2875e6b5128a
A20: 46029 | B20: REND PAGO APLIC AUT MAIS | C20: 0.01 | D20: Entrada | E20: Rendimento | F20: Rendimento da aplicação | G20: =IFERROR(VLOOKUP(F20,Nomes!$A$2:$B$158,2,FALSE),"") | J20: e85c503f2a8d
A21: 46029 | B21: PIX QRS RAIA DROGAS07/01 | C21: -303.84 | D21: Saída | E21: Saúde | F21: Raia | G21: =IFERROR(VLOOKUP(F21,Nomes!$A$2:$B$158,2,FALSE),"") | J21: 06e6900bc3ad
A22: 46029 | B22: PIX TRANSF SABRINA07/01 | C22: -51 | D22: Saída | E22: Pessoas | F22: Sabrina | G22: =IFERROR(VLOOKUP(F22,Nomes!$A$2:$B$158,2,FALSE),"") | J22: 08238fc4f95b
A23: 46029 | B23: PIX TRANSF MARCIA 07/01 | C23: -440 | D23: Saída | E23: Pessoas | F23: Marcia | G23: =IFERROR(VLOOKUP(F23,Nomes!$A$2:$B$158,2,FALSE),"") | J23: 340647bd8f50
A24: 46030 | B24: PAY JoaoC 08/01 | C24: -16 | D24: Saída | E24: Compras | F24: Joaoc | G24: =IFERROR(VLOOKUP(F24,Nomes!$A$2:$B$158,2,FALSE),"") | J24: d9548c49d69d
A25: 46030 | B25: PAY ABRAA 08/01 | C25: -5 | D25: Saída | E25: Compras | F25: Abraa | G25: =IFERROR(VLOOKUP(F25,Nomes!$A$2:$B$158,2,FALSE),"") | J25: 7517678fdef4
... A33: 46034 | B33: REND PAGO APLIC AUT MAIS | C33: 0.01 | D33: Entrada | E33: Rendimento | F33: Rendimento da aplicação | G33: =IFERROR(VLOOKUP(F33,Nomes!$A$2:$B$158,2,FALSE),"") | J33: cee9a4fe0c63
A34: 46034 | B34: PAG TIT INT 444986947000 | C34: -2757.01 | D34: Saída | E34: Boletos | F34: Boleto recorrente | G34: =IFERROR(VLOOKUP(F34,Nomes!$A$2:$B$158,2,FALSE),"") | H34: Conta fixa | J34: 41401d5aa59a
A35: 46034 | B35: PAY ZIG F 10/01 | C35: -428.41 | D35: Saída | E35: Lazer | F35: Zig | G35: =IFERROR(VLOOKUP(F35,Nomes!$A$2:$B$158,2,FALSE),"") | J35: 545964537827
A36: 46034 | B36: PAY PINUS 10/01 | C36: -35 | D36: Saída | E36: Compras | F36: Pinus | G36: =IFERROR(VLOOKUP(F36,Nomes!$A$2:$B$158,2,FALSE),"") | J36: 9d2dfba5fa46
A37: 46034 | B37: PIX TRANSF MARIANA12/01 | C37: 35 | D37: Entrada | E37: Outras entradas | F37: Mariana | G37: =IFERROR(VLOOKUP(F37,Nomes!$A$2:$B$158,2,FALSE),"") | J37: 3b2026d9a8a5
A38: 46034 | B38: PIX TRANSF PRISCIL12/01 | C38: 3000 | D38: Entrada | E38: Transferência da Priscila | F38: Priscila | G38: =IFERROR(VLOOKUP(F38,Nomes!$A$2:$B$158,2,FALSE),"") | J38: ce2090c0d4f5
A39: 46034 | B39: PIX QRS Pagar Me Pa12/01 | C39: -61.39 | D39: Saída | E39: Compras | F39: Pagar.me | G39: =IFERROR(VLOOKUP(F39,Nomes!$A$2:$B$158,2,FALSE),"") | J39: 92f217e80f81
A40: 46035 | B40: REND PAGO APLIC AUT MAIS | C40: 0.01 | D40: Entrada | E40: Rendimento | F40: Rendimento da aplicação | G40: =IFERROR(VLOOKUP(F40,Nomes!$A$2:$B$158,2,FALSE),"") | J40: 8c4a91037e0c
A41: 46035 | B41: PIX QRS Pavei13/01 | C41: -135.18 | D41: Saída | E41: Pessoas | F41: Pavei | G41: =IFERROR(VLOOKUP(F41,Nomes!$A$2:$B$158,2,FALSE),"") | J41: ad35e3365f4b
A42: 46035 | B42: PIX QRS PIX Marketp13/01 | C42: -93.82 | D42: Saída | E42: Compras | F42: Mercado Pago | G42: =IFERROR(VLOOKUP(F42,Nomes!$A$2:$B$158,2,FALSE),"") | J42: a80c1e1a0cec
A43: 46037 | B43: REND PAGO APLIC AUT MAIS | C43: 0.08 | D43: Entrada | E43: Rendimento | F43: Rendimento da aplicação | G43: =IFERROR(VLOOKUP(F43,Nomes!$A$2:$B$158,2,FALSE),"") | J43: 54801f966cdb
A44: 46037 | B44: FINANC IMOBILIARIO 000034 | C44: -6404.66 | D44: Saída | E44: Moradia | F44: Financiamento imobiliário | G44: =IFERROR(VLOOKUP(F44,Nomes!$A$2:$B$158,2,FALSE),"") | H44: Conta fixa | J44: 89a32031e7dc
A45: 46037 | B45: TBI conta própria | C45: 3000 | D45: Entre contas | E45: Mesma conta | F45: Mesma conta | G45: =IFERROR(VLOOKUP(F45,Nomes!$A$2:$B$158,2,FALSE),"") | J45: 9b381f25b432
A46: 46037 | B46: PAY MAMBO 15/01 | C46: -66.9 | D46: Saída | E46: Alimentação | F46: Mambo | G46: =IFERROR(VLOOKUP(F46,Nomes!$A$2:$B$158,2,FALSE),"") | J46: 2bafbea73dd9
A47: 46037 | B47: DEV PIX PIX Marketp15/01 | C47: 93.82 | D47: Entrada | E47: Estorno | F47: Pix Marketp | G47: =IFERROR(VLOOKUP(F47,Nomes!$A$2:$B$158,2,FALSE),"") | J47: 4e139ead0e83
A48: 46037 | B48: PIX TRANSF PRISCIL15/01 | C48: 200 | D48: Entrada | E48: Transferência da Priscila | F48: Priscila | G48: =IFERROR(VLOOKUP(F48,Nomes!$A$2:$B$158,2,FALSE),"") | J48: 889924cf7ae4
A49: 46038 | B49: REND PAGO APLIC AUT MAIS | C49: 0.01 | D49: Entrada | E49: Rendimento | F49: Rendimento da aplicação | G49: =IFERROR(VLOOKUP(F49,Nomes!$A$2:$B$158,2,FALSE),"") | J49: 205eb5797b24
A50: 46038 | B50: DEB AUTOR PORTO SEG VIDA | C50: -105.48 | D50: Saída | E50: Assinaturas | F50: Porto Seguro Vida | G50: =IFERROR(VLOOKUP(F50,Nomes!$A$2:$B$158,2,FALSE),"") | H50: Assinatura | J50: fa1da306e6c8
A51: 46041 | B51: TBI conta própria | C51: 1000 | D51: Entre contas | E51: Mesma conta | F51: Mesma conta | G51: =IFERROR(VLOOKUP(F51,Nomes!$A$2:$B$158,2,FALSE),"") | J51: 1195cff95752
A52: 46041 | B52: TBI conta própria | C52: -1000 | D52: Entre contas | E52: Mesma conta | F52: Mesma conta | G52: =IFERROR(VLOOKUP(F52,Nomes!$A$2:$B$158,2,FALSE),"") | J52: 8dc5d96cad9a
A53: 46041 | B53: TBI conta própria | C53: 1000 | D53: Entre contas | E53: Mesma conta | F53: Mesma conta | G53: =IFERROR(VLOOKUP(F53,Nomes!$A$2:$B$158,2,FALSE),"") | J53: d21c43e06a1c
A54: 46041 | B54: PAY ANACA 17/01 | C54: -169.9 | D54: Saída | E54: Compras | F54: Anaca | G54: =IFERROR(VLOOKUP(F54,Nomes!$A$2:$B$158,2,FALSE),"") | J54: 0ccda6fa72b9
A55: 46041 | B55: PAY 7049 17/01 | C55: -69 | D55: Saída | E55: Outros | F55: Transferência 7049 | G55: =IFERROR(VLOOKUP(F55,Nomes!$A$2:$B$158,2,FALSE),"") | J55: 6e032a8763a5
A56: 46041 | B56: PAY KALIL 17/01 | C56: -79.51 | D56: Saída | E56: Compras | F56: Kalil | G56: =IFERROR(VLOOKUP(F56,Nomes!$A$2:$B$158,2,FALSE),"") | J56: b57fd86b0e56
A57: 46041 | B57: PIX QRS DELICIA DE 18/01 | C57: -232.84 | D57: Saída | E57: Alimentação | F57: Delícia | G57: =IFERROR(VLOOKUP(F57,Nomes!$A$2:$B$158,2,FALSE),"") | J57: 08a4379b40c4
A58: 46042 | B58: PIX TRANSF NELIANE20/01 | C58: 3 | D58: Entrada | E58: Outras entradas | F58: Neliane | G58: =IFERROR(VLOOKUP(F58,Nomes!$A$2:$B$158,2,FALSE),"") | J58: d2f7501a7027
A59: 46042 | B59: PIX TRANSF JOSE MA20/01 | C59: 2 | D59: Entrada | E59: Outras entradas | F59: Jose Ma | G59: =IFERROR(VLOOKUP(F59,Nomes!$A$2:$B$158,2,FALSE),"") | J59: 4f01d50a3566
A60: 46043 | B60: PIX TRANSF MARIANA21/01 | C60: 50 | D60: Entrada | E60: Outras entradas | F60: Mariana | G60: =IFERROR(VLOOKUP(F60,Nomes!$A$2:$B$158,2,FALSE),"") | J60: e4d729a254cd
A61: 46044 | B61: REND PAGO APLIC AUT MAIS | C61: 0.04 | D61: Entrada | E61: Rendimento | F61: Rendimento da aplicação | G61: =IFERROR(VLOOKUP(F61,Nomes!$A$2:$B$158,2,FALSE),"") | J61: bb2279a0b616
A62: 46044 | B62: PAY BARRA 22/01 | C62: -22 | D62: Saída | E62: Compras | F62: Barra | G62: =IFERROR(VLOOKUP(F62,Nomes!$A$2:$B$158,2,FALSE),"") | J62: 3fc58491a838
... A87: 46052 | B87: PIX TRANSF KARINE 30/01 | C87: -4000 | D87: Saída | E87: Pessoas | F87: Karine | G87: =IFERROR(VLOOKUP(F87,Nomes!$A$2:$B$158,2,FALSE),"") | J87: becc0d25919b
A88: 46055 | B88: DA ELETROPAULO 24247588 | C88: -451.49 | D88: Saída | E88: Moradia | F88: Energia elétrica | G88: =IFERROR(VLOOKUP(F88,Nomes!$A$2:$B$158,2,FALSE),"") | H88: Conta fixa | J88: c4e83d880df6
A89: 46055 | B89: REND PAGO APLIC AUT MAIS | C89: 0.03 | D89: Entrada | E89: Rendimento | F89: Rendimento da aplicação | G89: =IFERROR(VLOOKUP(F89,Nomes!$A$2:$B$158,2,FALSE),"") | J89: 45807ee7acdc
A90: 46055 | B90: CARTAO PERSONNALITE | C90: -347.45 | D90: Saída | E90: Cartão Black | F90: Tarifa Personnalité | G90: =IFERROR(VLOOKUP(F90,Nomes!$A$2:$B$158,2,FALSE),"") | I90: Tarifa do cartão | J90: 68ff799ea0c4
A91: 46055 | B91: TBI conta própria | C91: -2000 | D91: Entre contas | E91: Mesma conta | F91: Mesma conta | G91: =IFERROR(VLOOKUP(F91,Nomes!$A$2:$B$158,2,FALSE),"") | J91: 6fc5a807f0bc
A92: 46055 | B92: PERS BLACK 3608-7306 | C92: -2242.26 | D92: Saída | E92: Cartão Black | F92: Fatura Cartão Black | G92: =IFERROR(VLOOKUP(F92,Nomes!$A$2:$B$158,2,FALSE),"") | I92: Fatura do cartão | J92: 83c2618003f2
A93: 46055 | B93: PAY KALUN 01/02 | C93: -299.16 | D93: Saída | E93: Compras | F93: Kalun | G93: =IFERROR(VLOOKUP(F93,Nomes!$A$2:$B$158,2,FALSE),"") | J93: e565d1d3d1ea
A94: 46055 | B94: PAY ALO B 01/02 | C94: -84.73 | D94: Saída | E94: Compras | F94: Alo B | G94: =IFERROR(VLOOKUP(F94,Nomes!$A$2:$B$158,2,FALSE),"") | J94: d32489cfb5d3
A95: 46055 | B95: PIX TRANSF PRISCIL02/02 | C95: 400 | D95: Entrada | E95: Transferência da Priscila | F95: Priscila | G95: =IFERROR(VLOOKUP(F95,Nomes!$A$2:$B$158,2,FALSE),"") | J95: ee1687e808e9
A96: 46055 | B96: PIX TRANSF PRISCIL02/02 | C96: 1800 | D96: Entrada | E96: Transferência da Priscila | F96: Priscila | G96: =IFERROR(VLOOKUP(F96,Nomes!$A$2:$B$158,2,FALSE),"") | J96: c340594cc78f
A97: 46055 | B97: PIX TRANSF PRISCIL02/02 | C97: 2400 | D97: Entrada | E97: Transferência da Priscila | F97: Priscila | G97: =IFERROR(VLOOKUP(F97,Nomes!$A$2:$B$158,2,FALSE),"") | J97: 76e4a7702fc0
A98: 46055 | B98: PIX TRANSF PRISCIL02/02 | C98: 1400 | D98: Entrada | E98: Transferência da Priscila | F98: Priscila | G98: =IFERROR(VLOOKUP(F98,Nomes!$A$2:$B$158,2,FALSE),"") | J98: d91b1a20e856
A99: 46055 | B99: PIX QRS AKI MERCADO31/01 | C99: -24.93 | D99: Saída | E99: Alimentação | F99: Mercado | G99: =IFERROR(VLOOKUP(F99,Nomes!$A$2:$B$158,2,FALSE),"") | J99: f52f09f5f89a
A100: 46055 | B100: PIX QRS CIRANDA BER02/02 | C100: -8800.48 | D100: Saída | E100: Educação | F100: Ciranda | G100: =IFERROR(VLOOKUP(F100,Nomes!$A$2:$B$158,2,FALSE),"") | H100: Conta fixa | J100: 92c162a2253b
A101: 46056 | B101: PIX TRANSF PRISCIL03/02 | C101: 1880 | D101: Entrada | E101: Transferência da Priscila | F101: Priscila | G101: =IFERROR(VLOOKUP(F101,Nomes!$A$2:$B$158,2,FALSE),"") | J101: 4d377c25964f
A102: 46057 | B102: REND PAGO APLIC AUT MAIS | C102: 0.01 | D102: Entrada | E102: Rendimento | F102: Rendimento da aplicação | G102: =IFERROR(VLOOKUP(F102,Nomes!$A$2:$B$158,2,FALSE),"") | J102: 6ebcdb983d15
A103: 46057 | B103: PAG TIT INT 237 | C103: -233.59 | D103: Saída | E103: Boletos | F103: Boleto 237 | G103: =IFERROR(VLOOKUP(F103,Nomes!$A$2:$B$158,2,FALSE),"") | J103: c8cf3972aa76
A104: 46057 | B104: PIX QRS ROGERIO RIB04/02 | C104: -340 | D104: Saída | E104: Pessoas | F104: Rogerio Rib | G104: =IFERROR(VLOOKUP(F104,Nomes!$A$2:$B$158,2,FALSE),"") | J104: 0444a40d39e6
A105: 46057 | B105: PIX TRANSF LUIS RI04/02 | C105: -690 | D105: Saída | E105: Pessoas | F105: Luis Ri | G105: =IFERROR(VLOOKUP(F105,Nomes!$A$2:$B$158,2,FALSE),"") | J105: 82bf5980c56c
A106: 46058 | B106: DA CLARO BL/IT 07428957 | C106: -323.87 | D106: Saída | E106: Assinaturas | F106: Claro | G106: =IFERROR(VLOOKUP(F106,Nomes!$A$2:$B$158,2,FALSE),"") | H106: Assinatura | J106: b2a93cae298b
A107: 46058 | B107: REND PAGO APLIC AUT MAIS | C107: 0.01 | D107: Entrada | E107: Rendimento | F107: Rendimento da aplicação | G107: =IFERROR(VLOOKUP(F107,Nomes!$A$2:$B$158,2,FALSE),"") | J107: ec20781cf2ed
A108: 46058 | B108: PIX TRANSF NELIANE05/02 | C108: 260 | D108: Entrada | E108: Outras entradas | F108: Neliane | G108: =IFERROR(VLOOKUP(F108,Nomes!$A$2:$B$158,2,FALSE),"") | J108: 0ce5dd4808a3
A109: 46058 | B109: PIX TRANSF PRISCIL05/02 | C109: 1500 | D109: Entrada | E109: Transferência da Priscila | F109: Priscila | G109: =IFERROR(VLOOKUP(F109,Nomes!$A$2:$B$158,2,FALSE),"") | J109: 22fca06ae22b
A110: 46058 | B110: PIX QRS ICC05/02 | C110: -48 | D110: Saída | E110: Pessoas | F110: Icc | G110: =IFERROR(VLOOKUP(F110,Nomes!$A$2:$B$158,2,FALSE),"") | J110: 89a38276a5ba
A111: 46058 | B111: PIX QRS JORGE YUKIH05/02 | C111: -26 | D111: Saída | E111: Pessoas | F111: Jorge Yukih | G111: =IFERROR(VLOOKUP(F111,Nomes!$A$2:$B$158,2,FALSE),"") | J111: c6679999176a
A112: 46058 | B112: PIX QRS Odair Domin05/02 | C112: -24 | D112: Saída | E112: Pessoas | F112: Odair Domin | G112: =IFERROR(VLOOKUP(F112,Nomes!$A$2:$B$158,2,FALSE),"") | J112: da45a969c77c
A113: 46058 | B113: PIX QRS JOAO KOBASH05/02 | C113: -32 | D113: Saída | E113: Pessoas | F113: Joao Kobash | G113: =IFERROR(VLOOKUP(F113,Nomes!$A$2:$B$158,2,FALSE),"") | J113: 3fcd5f9c2f00
A114: 46058 | B114: PIX TRANSF KATHIAN05/02 | C114: -200 | D114: Saída | E114: Pessoas | F114: Kathian | G114: =IFERROR(VLOOKUP(F114,Nomes!$A$2:$B$158,2,FALSE),"") | J114: b4af4d382d3d
A115: 46058 | B115: PIX TRANSF MARCIA 05/02 | C115: -1760 | D115: Saída | E115: Pessoas | F115: Marcia | G115: =IFERROR(VLOOKUP(F115,Nomes!$A$2:$B$158,2,FALSE),"") | J115: 1f2377e3e619
A116: 46058 | B116: TED 745.0001.MCKINSEY C | C116: 273.59 | D116: Entrada | E116: Salário da Luísa (McKinsey) | F116: Luísa · McKinsey | G116: =IFERROR(VLOOKUP(F116,Nomes!$A$2:$B$158,2,FALSE),"") | J116: 6cb57fb63807
A117: 46059 | B117: REND PAGO APLIC AUT MAIS | C117: 0.01 | D117: Entrada | E117: Rendimento | F117: Rendimento da aplicação | G117: =IFERROR(VLOOKUP(F117,Nomes!$A$2:$B$158,2,FALSE),"") | J117: f2d4f378f580
A118: 46059 | B118: PIX TRANSF MARCIA 06/02 | C118: -220 | D118: Saída | E118: Pessoas | F118: Marcia | G118: =IFERROR(VLOOKUP(F118,Nomes!$A$2:$B$158,2,FALSE),"") | J118: 2758c5cb85af
... A120: 46062 | B120: REND PAGO APLIC AUT MAIS | C120: 0.02 | D120: Entrada | E120: Rendimento | F120: Rendimento da aplicação | G120: =IFERROR(VLOOKUP(F120,Nomes!$A$2:$B$158,2,FALSE),"") | J120: 0366690f9308
A121: 46062 | B121: INT /PM SAO PAU 89570039 | C121: -766.06 | D121: Saída | E121: Impostos | F121: Prefeitura / IPTU | G121: =IFERROR(VLOOKUP(F121,Nomes!$A$2:$B$158,2,FALSE),"") | H121: Conta fixa | J121: 87a671fd9e6f
A122: 46063 | B122: REND PAGO APLIC AUT MAIS | C122: 0.08 | D122: Entrada | E122: Rendimento | F122: Rendimento da aplicação | G122: =IFERROR(VLOOKUP(F122,Nomes!$A$2:$B$158,2,FALSE),"") | J122: a939fbfc8140
A123: 46063 | B123: PAG TIT INT 444986947000 | C123: -2278.3 | D123: Saída | E123: Boletos | F123: Boleto recorrente | G123: =IFERROR(VLOOKUP(F123,Nomes!$A$2:$B$158,2,FALSE),"") | H123: Conta fixa | J123: 95af8e296f93
A124: 46063 | B124: PIX QRS TELEFONICA 10/02 | C124: -39.99 | D124: Saída | E124: Assinaturas | F124: Telefônica | G124: =IFERROR(VLOOKUP(F124,Nomes!$A$2:$B$158,2,FALSE),"") | H124: Assinatura | J124: 16b735756bfd
A125: 46063 | B125: PIX QRS NOVA LETICI10/02 | C125: -44.65 | D125: Saída | E125: Pessoas | F125: Nova Letici | G125: =IFERROR(VLOOKUP(F125,Nomes!$A$2:$B$158,2,FALSE),"") | J125: 5c1e19658b67
A126: 46063 | B126: PIX QRS TELEFONICA 10/02 | C126: -45.21 | D126: Saída | E126: Assinaturas | F126: Telefônica | G126: =IFERROR(VLOOKUP(F126,Nomes!$A$2:$B$158,2,FALSE),"") | H126: Assinatura | J126: 0f9fe7201e4c
A127: 46063 | B127: PIX TRANSF LUCIANA10/02 | C127: -38 | D127: Saída | E127: Pessoas | F127: Luciana | G127: =IFERROR(VLOOKUP(F127,Nomes!$A$2:$B$158,2,FALSE),"") | J127: 6caf09531489
A128: 46064 | B128: PIX TRANSF MARIANA11/02 | C128: 45 | D128: Entrada | E128: Outras entradas | F128: Mariana | G128: =IFERROR(VLOOKUP(F128,Nomes!$A$2:$B$158,2,FALSE),"") | J128: 5fc54bbdcecd
A129: 46064 | B129: PIX QRS 64584573 FR11/02 | C129: -16.95 | D129: Saída | E129: Outros | F129: Transferência 64584573 Fr | G129: =IFERROR(VLOOKUP(F129,Nomes!$A$2:$B$158,2,FALSE),"") | J129: bbfa77cfdc8b
A130: 46064 | B130: PIX TRANSF 40 783 11/02 | C130: -100 | D130: Saída | E130: Outros | F130: Transferência 40 783 | G130: =IFERROR(VLOOKUP(F130,Nomes!$A$2:$B$158,2,FALSE),"") | J130: c4bd3cb74b50
A131: 46065 | B131: TBI conta própria | C131: 3237.17 | D131: Entre contas | E131: Mesma conta | F131: Mesma conta | G131: =IFERROR(VLOOKUP(F131,Nomes!$A$2:$B$158,2,FALSE),"") | J131: a66066600e8e
A132: 46071 | B132: REND PAGO APLIC AUT MAIS | C132: 0.07 | D132: Entrada | E132: Rendimento | F132: Rendimento da aplicação | G132: =IFERROR(VLOOKUP(F132,Nomes!$A$2:$B$158,2,FALSE),"") | J132: 537b807eba8f
...

Sheet Meses
A1: Mês | B1: Entradas | C1: Das quais cofrinho | D1: Saídas | E1: Resultado
A2: janeiro | B2: 71753.05 | C2: 0 | D2: 42432.96 | E2: 29320.09
A3: fevereiro | B3: 13735.36 | C3: 0 | D3: 29724.76 | E3: -15989.4
A4: março | B4: 85225.91 | C4: 42620 | D4: 41255.34 | E4: 43970.57
A5: abril | B5: 38962.87 | C5: 1000 | D5: 31607.71 | E5: 7355.16
A6: maio | B6: 63300.76 | C6: 17000 | D6: 33830.84 | E6: 29469.92
A7: junho | B7: 52986.79 | C7: 12450 | D7: 73460.32 | E7: -20473.53
A8: julho | B8: 48414.45 | C8: 5950 | D8: 26994.63 | E8: 21419.82
A9: agosto | B9: 41749.51 | C9: 4350 | D9: 69330.32 | E9: -27580.81
A10: setembro (até o dia 25) | B10: 23665.65 | C10: 5350 | D10: 36101.33 | E10: -12435.68
A11: Ano | B11: 439794.35 | C11: 88720 | D11: 384738.21 | E11: 55056.14

Sheet Saldos
A1: Data | B1: Saldo
A2: 46022 | B2: 5021.19
A3: 46023 | B3: 5021.19
A4: 46024 | B4: 337.78
A5: 46025 | B5: 337.78
A6: 46026 | B6: 337.78
A7: 46027 | B7: 6610.1
A8: 46028 | B8: 5961.38
A9: 46029 | B9: 5166.55
A10: 46030 | B10: 5107.55
A11: 46031 | B11: 4254.51
A12: 46032 | B12: 4254.51
A13: 46033 | B13: 4254.51
... A270: 46290 | B270: 592.57
